 Dungeon Crawl Stone Soup version 0.30-a0-596-g0af90f9a20 (webtiles) character file.

Game seed: 13256401884038898223

15796 Newt the Markskobold (level 12, 0/77 HPs)
             Began as a Kobold Hunter on Jan 6, 2023.
             Was an Initiate of Gozag.
             Slain by a spatial maelstrom (1 damage)
             ... while petrified by a basilisk
             ... on level 3 of the Abyss.
             The game lasted 00:17:24 (13928 turns).

Newt the Markskobold (Kobold Hunter)               Turns: 13928, Time: 00:17:25

Health: 0/77       AC: 12    Str:  6    XL:     12   Next: 62%
Magic:  21/21      EV:  3    Int:  9    God:    Gozag
Gold:   1529       SH:  0    Dex: 31    Spells: 23/23 levels left

rFire   . . .      SeeInvis .    a - +1 shortbow (freeze)
rCold   . . .      Faith    .    (shield currently unavailable)
rNeg    + + +      Spirit   .    c - +0 leather armour
rPois   ∞          Reflect  .    (no helmet)
rElec   .          Harm     .    e - +0 cloak
rCorr   .          Rampage  .    g - +0 pair of gloves
Will    .....                    p - +1 pair of boots
Stlth   +++++                    f - amulet of magic regeneration
HPRegen 0.32/turn                C - +4 ring of protection
MPRegen 0.57/turn                (no ring)

@: petrified
A: small, no large weapons, nightstalker 3, agile 2
a: Renounce Religion, Potion Petition, Call Merchant, Bribe Branch


You were on level 3 of the Abyss.
You worshipped Gozag.
Gozag was most pleased with you.
You visited 2 branches of the dungeon, and saw 11 of its levels.
You visited the Abyss 2 times.
You also visited: Sewer.

You collected 1633 gold pieces.
You paid 104 gold pieces to Gozag.

Inventory:

Hand Weapons
 a - a +1 shortbow of freezing (weapon)
Armour
 c - a +0 leather armour (worn)
 e - a +0 cloak (worn)
 g - a +0 pair of gloves (worn)
 p - a +1 pair of boots (worn)
Jewellery
 f - an amulet of magic regeneration (around neck)
 C - a +4 ring of protection (left hand)
Wands
 v - a wand of polymorph (14)
 y - a wand of acid (4)
 D - a wand of flame (1)
Scrolls
 b - 4 scrolls of immolation
 h - 5 scrolls of teleportation
 k - 4 scrolls of noise
 l - 2 scrolls of blinking
 m - a scroll of amnesia
 z - 2 scrolls of magic mapping
 B - a scroll of fear
 E - a scroll of brand weapon
Potions
 d - 3 potions of degeneration
 i - a potion of haste
 j - 5 potions of flight
 n - 2 potions of curing
 o - 2 potions of magic
 r - a potion of mutation
 s - 3 potions of lignification
 t - a potion of resistance
 u - 4 potions of might
 w - 8 potions of ambrosia
 x - a potion of invisibility
 A - a potion of berserk rage


   Skills:
 - Level 10.0 Fighting
 - Level 15.0 Ranged Weapons
 - Level 5.0 Armour
 - Level 9.6 Dodging
 - Level 5.0 Stealth
 - Level 6.0 Spellcasting
 - Level 6.0 Translocations
 + Level 7.8 Evocations


You had 23 spell levels left.
You didn't know any spells.
Your spell library contained the following spells:

 Spells                   Type           Power      Damage    Failure   Level
 Blink                    Tloc           26%        N/A       4%          2
 Gell's Gravitas          Tloc           13%        N/A       9%          3
 Teleport Other           Tloc           13%        N/A       9%          3
 Manifold Assault         Tloc           13%        N/A       26%         4
 Inner Flame              Hex/Fire       2%         N/A       67%         3
 Cause Fear               Hex            1%         N/A       97%         4
 Flame Wave               Conj/Fire      2%         2d4       97%         4
 Leda's Liquefaction      Hex/Erth       1%         N/A       97%         4
 Sticky Flame             Conj/Fire      2%         2d3       97%         4
 Dispersal                Tloc           6%         N/A       99%         6
 Lee's Rapid Deconstruct  Erth           1%         3d4*      100%        5
 Statue Form              Tmut/Erth      1%         N/A       100%        6
 Dragon Form              Tmut           1%         N/A       100%        7
 Storm Form               Tmut/Air       1%         N/A       100%        7
 Dragon's Call            Summ           1%         N/A       100%        9


Dungeon Overview and Level Annotations

Branches:
Dungeon (10/15)            Temple (1/1) D:6            Lair (0/5) D:10
    Orc (0/2) D:10          Sewer (visited)

Altars:
Ashenzari
Cheibriados
Dithmenos
Elyvilon
Fedhas
Gozag
Hepliaklqana
Kikubaaqudgha
Makhleb
Nemelex Xobeh
Okawaru
Qazlal
Ru
Sif Muna
Trog
Uskayaw
Vehumet
Wu Jian
Xom
Yredelemnul
Zin
The Shining One

Shops:
D:3 :=


Innate Abilities, Weirdness & Mutations

You are small and have problems with some larger weapons.
You are completely attuned to the shadows.
You are very agile. (Dex +8, Str/Int -2)


Message History

The kobold hits you but does no damage.
The kobold brigand hits you but does no damage.
The kobold hits you with a +0 club. The basilisk bites you.
The kobold demonologist gestures wildly while chanting.
The kobold demonologist hits you but does no damage.
The spatial maelstrom hits you but does no damage.
The spatial maelstrom hits you! Space warps around you.
The basilisk bites you but does no damage.
The kobold demonologist hits you with a +0 dagger.
The kobold brigand hits you with a +0 vampiric short sword.
The kobold hits you but does no damage. The spatial maelstrom hits you.
Space warps around you. The spatial maelstrom hits you!
* * * LOW HITPOINT WARNING * * *
Space warps horribly around you!
* * * LOW HITPOINT WARNING * * *
The hell knight mumbles some strange prayers to its god.
The hell knight seems to speed up.
The kobold demonologist hits you with a +0 dagger.
* * * LOW HITPOINT WARNING * * *
The basilisk gazes at you. You resist with some effort.
The kobold brigand hits you but does no damage.
The kobold hits you but does no damage. The spatial maelstrom hits you!
* * * LOW HITPOINT WARNING * * *
Space warps around you.
* * * LOW HITPOINT WARNING * * *
The spatial maelstrom hits you but does no damage.
The basilisk bites you but does no damage.
A kobold brigand comes into view.
It is wielding a +0 short sword and quivering poisoned darts.
The kobold brigand hits you but does no damage.
The kobold demonologist casts a spell.
The kobold demonologist looks satisfied for a moment.
The spatial maelstrom hits you!
* * * LOW HITPOINT WARNING * * *
Space warps around you.
* * * LOW HITPOINT WARNING * * *
The spatial maelstrom hits you. Space warps around you.
You die...
Your body crumbles into a pile of gold. .#.... ......
K ###..v#. 43#5#..... #KKKvpK#

.5#@lq#
#35K##..#
#v.# ...#
#§.
...#.# ..
#....#


You could see a white draconian stormcaller, a spatial maelstrom, a hell knight
(fast), 2 sun demons, 2 spatial vortices, an ice devil (summoned), 2 kobold
demonologists, a basilisk, 2 kobold brigands, a quasit (summoned), a white imp
(summoned) and 2 kobolds.

Vanquished Creatures
  Gastronok (D:8)
  A very ugly thing (D:10)
  A wizard (D:10)
  7 ugly things
  Joseph (D:9)
  A smoke demon (Abyss:2)
  Psyche (D:9)
  An efreet (Abyss:2)
  A komodo dragon (D:7)
  A queen bee (D:9)
  5 trolls
  4 fire bats (Abyss:2)
  5 yaks (D:10)
  Grum (D:9)
  A water moccasin (D:6)
  3 orc warriors
  3 sky beasts
  A black bear (D:8)
  3 wolves (D:9)
  An ogre (D:6)
  3 kobold brigands
  2 gnoll sergeants
  A bullfrog (D:7)
  A necrophage (D:4)
  3 scorpions
  8 wights
  29 killer bees
  6 howler monkeys
  A crimson imp (D:10)
  A gnoll bouda (D:5)
  4 hounds
  2 jellies
  An orc priest (D:10)
  Crazy Yiuf (D:6)
  5 iguanas
  6 orc wizards
  A small abomination (Abyss:2)
  23 gnolls
  12 adders
  4 river rats (Sewer)
  2 shadow imps
  An ufetubus (D:7)
  3 worms
  3 dart slugs
  15 orcs
  An endoplasm (Sewer)
  9 giant cockroaches
  5 goblins
  4 hobgoblins (D:3)
  9 jackals
  6 quokkas
  10 ball pythons
  19 bats
  9 frilled lizards
  12 kobolds
  10 rats
275 creatures vanquished.

Vanquished Creatures (collateral kills)
  A black bear (D:6)
  An orc priest (D:6)
  An orc (D:6)
3 creatures vanquished.

Vanquished Creatures (others)
  A kobold (D:9)
  5 plants
6 creatures vanquished.

Grand Total: 284 creatures vanquished

Notes
Turn   | Place    | Note
-------+----------+-------------------------------------------
     0 | D:1      | Newt the Kobold Hunter began the quest for the Orb.
     0 | D:1      | Reached XP level 1. HP: 12/12 MP: 1/1
   200 | D:1      | Found a faded altar of an unknown god.
   392 | D:1      | Reached XP level 2. HP: 17/17 MP: 2/2
  1105 | D:2      | Reached skill level 6 in Ranged Weapons
  1105 | D:2      | Reached XP level 3. HP: 14/21 MP: 3/3
  1890 | D:2      | Reached XP level 4. HP: 26/26 MP: 4/4
  2062 | D:3      | Found Oneplamo's Jewellery Emporium.
  2092 | D:3      | Found Inyst's Book Emporium.
  2161 | D:3      | Reached skill level 7 in Ranged Weapons
  2190 | D:3      | Found a glowing drain.
  2197 | Sewer    | Entered a sewer
  2279 | Sewer    | Reached XP level 5. HP: 30/30 MP: 5/5
  2309 | Sewer    | Gained mutation: You are agile. (Dex +4, Str/Int -1)
                  | [potion of mutation]
  2309 | Sewer    | Gained mutation: Your muscles are strong. (Str +4, Int/Dex
                  | -1) [potion of mutation]
  2309 | Sewer    | Gained mutation: You are partially covered in iridescent
                  | scales. (AC +2) [potion of mutation]
  2654 | Sewer    | Reached skill level 8 in Ranged Weapons
  3200 | Sewer    | Reached XP level 6. HP: 37/37 MP: 6/6
  5693 | D:5      | Entered Level 5 of the Dungeon
  5820 | D:5      | Reached XP level 7. HP: 43/43 MP: 7/7
  6041 | D:5      | Reached skill level 5 in Dodging
  6781 | D:5      | Reached skill level 5 in Fighting
  7194 | D:6      | Reached XP level 8. HP: 51/51 MP: 8/8
  7201 | D:6      | Reached skill level 9 in Ranged Weapons
  7288 | D:6      | Reached skill level 10 in Ranged Weapons
  7781 | D:6      | Reached skill level 5 in Stealth
  7881 | D:6      | Found a staircase to the Ecumenical Temple.
  7893 | D:6      | Reached skill level 11 in Ranged Weapons
  7898 | Temple   | Entered the Ecumenical Temple
  8070 | Temple   | Became a worshipper of Gozag Ym Sagoz the Greedy
  8120 | D:6      | Found a runed translucent door.
  8123 | D:6      | Noticed Crazy Yiuf
  8126 | D:6      | Killed Crazy Yiuf
  8127 | D:6      | Reached XP level 9. HP: 55/55 MP: 9/9
  8442 | D:7      | Found a hazy altar of Hepliaklqana.
  8462 | D:7      | Found a bloodstained altar of Trog.
  8540 | D:7      | Found a hide-covered altar of Uskayaw.
  8543 | D:7      | Found a shimmering altar of Xom.
  8576 | D:6      | Reached skill level 12 in Ranged Weapons
  8678 | D:7      | Reached skill level 14 in Ranged Weapons
  8678 | D:7      | Reached XP level 10. HP: 67/67 MP: 10/10
  8882 | D:7      | Reached skill level 1 in Armour
  8886 | D:7      | Reached skill level 15 in Ranged Weapons
  8930 | D:7      | Found a blossoming altar of Fedhas.
  8941 | D:7      | Found a sparkling altar of Nemelex Xobeh.
  9055 | D:7      | Noticed a komodo dragon
  9070 | D:7      | Killed a komodo dragon
  9310 | D:8      | Noticed Gastronok
  9340 | D:8      | Killed Gastronok
  9641 | D:8      | Lost mutation: You are partially covered in iridescent
                  | scales. (AC +2) [potion of mutation]
  9641 | D:8      | Lost mutation: You are agile. (Dex +4, Str/Int -1) [potion
                  | of mutation]
  9641 | D:8      | Gained mutation: You have sharp toenails. [potion of
                  | mutation]
  9642 | D:8      | Lost mutation: Your muscles are strong. (Str +4, Int/Dex
                  | -1) [potion of mutation]
  9642 | D:8      | Lost mutation: You have sharp toenails. [potion of
                  | mutation]
  9642 | D:8      | Gained mutation: You are agile. (Dex +4, Str/Int -1)
                  | [potion of mutation]
  9642 | D:8      | Gained mutation: You are very agile. (Dex +8, Str/Int -2)
                  | [potion of mutation]
  9790 | D:8      | Reached XP level 11. HP: 72/72 MP: 11/11
 10049 | D:9      | Noticed Psyche
 10060 | D:9      | Killed Psyche
 10061 | D:9      | Reached skill level 5 in Armour
 10069 | D:9      | Reached skill level 1 in Evocations
 10212 | D:9      | Noticed Grum
 10226 | D:9      | Killed Grum
 10490 | D:9      | Noticed Joseph
 10504 | D:9      | Killed Joseph
 10747 | D:9      | Reached skill level 5 in Evocations
 10819 | D:9      | Reached skill level 10 in Fighting
 10834 | D:9      | Reached skill level 1 in Spellcasting
 11172 | D:10     | Entered Level 10 of the Dungeon
 11432 | D:10     | Noticed a green ugly thing
 11450 | D:9      | Killed a green ugly thing
 11670 | D:10     | Found a staircase to the Orcish Mines.
 11716 | D:10     | Found a staircase to the Lair.
 11770 | D:10     | Reached skill level 5 in Spellcasting
 12067 | D:10     | Reached XP level 12. HP: 62/77 MP: 19/21
 12069 | D:10     | Reached skill level 1 in Translocations
 12623 | D:10     | Found a radiant altar of Vehumet.
 12623 | D:10     | Found a burning altar of Makhleb.
 12827 | D:10     | Noticed a purple very ugly thing
 12827 | Abyss:2  | Cast into level 2 of the Abyss (a wizard)
 12878 | D:10     | Escaped the Abyss
 12883 | D:10     | Killed a purple very ugly thing
 12884 | D:10     | Reached skill level 5 in Translocations
 13384 | Abyss:2  | Cast into level 2 of the Abyss (a wizard)
 13401 | Abyss:2  | Found a corrupted altar of Lugonu.
 13459 | Abyss:2  | Found a corrupted altar of Lugonu.
 13461 | Abyss:2  | Found a corrupted altar of Lugonu.
 13461 | Abyss:2  | Found a corrupted altar of Lugonu.
 13545 | Abyss:2  | Noticed a starcursed mass
 13663 | Abyss:2  | Noticed an ancient lich
 13693 | Abyss:2  | Noticed a large abomination
 13708 | Abyss:2  | Noticed a bone dragon
 13713 | Abyss:2  | Noticed a deep elf sorcerer
 13740 | Abyss:2  | Noticed a bunyip
 13751 | Abyss:2  | Noticed a profane servitor
 13882 | Abyss:3  | Noticed a shadow demon
 13917 | Abyss:3  | Noticed a spatial maelstrom
 13920 | Abyss:3  | Noticed a white draconian stormcaller
 13922 | Abyss:3  | Noticed a hell knight
 13926 | Abyss:3  | Noticed a sun demon
 13928 | Abyss:3  | HP: 3/77 [spatial maelstrom (5)]
 13928 | Abyss:3  | HP: 1/77 [spatial maelstrom (2)]
 13928 | Abyss:3  | Slain by a spatial maelstrom

Illustrated notes

Levels and vault maps discovered:
D:1:      zaba_arrival_water, layout_loops_ring, nicolae_ecumenical_lake_church
D:2:      minmay_wonky_spiral, layout_basic, serial_bayou, serial_bayou_pond_a,
          serial_bayou_pond_c, serial_bayou_shore_b, serial_bayou_ford_a,
          minmay_misc_feat_diagonals, st_stairs_11
D:3:      layout_loops_corners, serial_shops, nicolae_shop_statue_plus, shop,
          gup_sewer_entry_spiral, minmay_curled_crystal,
          nicolae_kite_square_tiling_tiny
D:4:      layout_basic
D:5:      layout_basic, serial_co_window_serial, co_window_corner_a,
          co_window_paths_a, co_window_paths_a, co_window_of_opportunity_a,
          co_window_of_opportunity_a, co_window_of_opportunity_c,
          co_window_2corner, co_window_cross_4, co_window_4corner_b,
          glass_columns_a, glass_columns_b, glass_columns_a, glass_columns_b,
          glass_columns_b
D:6:      layout_loops_ring, minmay_temple_entry_hall,
          kennysheep_generic_room_10, uniq_crazy_yiuf_cottage
D:7:      layout_basic, jmf_multi_god_temple, nicolae_overflow_quartered_altars,
          minmay_lizard_king
D:8:      layout_rooms, uniq_gastronok
D:9:      layout_roguey [special_room_bee], uniq_grum, uniq_joseph, uniq_psyche
D:10:     cheibrodos_breeding_chamber, layout_rooms,
          grunt_temple_overflow_lords_of_destruction, orc_david_3
Temple:   nicolae_temple_two_arcs
Abyss:3:  base:
D:5

Skill      XL: |  1  2  3  4  5  6  7  8  9 10 11 12 |
---------------+-------------------------------------+-----
Stealth        | 2 3 5 |  5.0
Ranged Weapons | 6 7 8 11 14 15 | 15.0
Fighting       | 3 4 6 9 10 | 10.0
Dodging        | 4 5 9 |  9.6
Armour         | 4 5 |  5.0
Evocations     | 6 7 |  7.8
Spellcasting   | 6 |  6.0
Translocations | 6 |  6.0

Action                   |  1- 3 |  4- 6 |  7- 9 | 10-12 || total
-------------------------+-------+-------+-------+-------++-------
Melee: Shortbow          |       |       |       |     2 ||     2
 Fire: Shortbow          |    84 |   220 |   194 |   504 ||  1002
Evoke: Wand              |       |       |       |     2 ||     2
  Use: Scroll            |     2 |    11 |     7 |     8 ||    28
       Potion            |       |     2 |     1 |    11 ||    14
Armor: Leather armour    |    12 |    54 |    28 |    53 ||   147
Dodge: Dodged            |    33 |   186 |   142 |   265 ||   626

Table legend: (Time is in decaauts)
 A = Elapsed time spent in this place.
 B = Non-inter-level travel time spent in this place.
 C = Inter-level travel time spent in this place.
 D = Time resting spent in this place.
 E = Time spent auto-exploring this place.
 F = Levels seen in this place.
 G = Mean time per level.
                   A        B        C        D        E       F      G
               +--------+--------+--------+--------+--------+-----+--------+
         Total |  14125 |  13806 |    319 |   2899 |   8621 |  15 |  941.7 |
       Dungeon |  11828 |  11535 |    293 |   2051 |   7895 |  10 | 1182.8 |
        Temple |    182 |    156 |     26 |      0 |    145 |   1 |  182.0 |
         Abyss |    539 |    539 |      0 |     99 |      0 |   3 |  179.7 |
         Sewer |   1575 |   1575 |      0 |    749 |    580 |   1 | 1575.0 |
               +--------+--------+--------+--------+--------+-----+--------+

Top non-repeatable levels by time:
    D:10: 1982 daAuts
   Sewer: 1575 daAuts
     D:5: 1469 daAuts
     D:3: 1420 daAuts
     D:9: 1256 daAuts
     D:6: 1189 daAuts
     D:1: 1145 daAuts
     D:4: 933 daAuts
     D:2: 924 daAuts
     D:8: 862 daAuts
     D:7: 642 daAuts
 Abyss:2: 410 daAuts
  Temple: 182 daAuts
 Abyss:3: 129 daAuts
